 Dungeon Crawl Stone Soup version 0.28-a0-1518-gbe868bca14 (webtiles) character file.

Game seed: 3607893315157085522

149 buddhastalin the Sneak (level 5, 0/27 HPs)
             Began as a Spriggan Brigand on Jan 16, 2022.
             Killed by divine providence
             ... invoked by an orc priest
              (13 damage)
             ... on level 3 of the Dungeon.
             The game lasted 00:05:17 (2584 turns).

buddhastalin the Sneak (Spriggan Brigand)           Turns: 2584, Time: 00:05:17

Health: 0/27       AC:  3    Str:  7      XL:     5   Next: 9%
Magic:  6/6        EV: 17    Int: 13 (15) God:
Gold:   83         SH:  0    Dex: 14 (16) Spells: 4/4 levels left

rFire   . . .      SeeInvis +   a - +2 dagger
rCold   . . .      Faith    .   (no shield)
rNeg    . . .      Spirit   .   b - +0 robe
rPois   .          Reflect  .   (helmet restricted)
rElec   .          Harm     .   c - +0 cloak
rCorr   .          Rampage  .   (gloves unavailable)
Will    .....                   (boots unavailable)
Stlth   +++.......              (no amulet)
HPRegen 0.09/turn               (no ring)
MPRegen 0.10/turn               (no ring)

@: very quick
A: very small, no large weapons, unfitting armour, see invisible, speed 3
a: no special abilities


You were on level 3 of the Dungeon.
You visited 1 branch of the dungeon, and saw 3 of its levels.

You collected 83 gold pieces.

Inventory:

Hand Weapons
 a - a +2 dagger (weapon)
 p - the +2 falchion "Witriank" {vorpal, Will- Str+2 Int+5}
   (You found it on level 3 of the Dungeon)

   It inflicts extra damage upon your enemies.
   Str:       It affects your strength (+2).
   Int:       It affects your intelligence (+5).
   Will:      It decreases your willpower.
Missiles
 d - 12 poisoned darts (quivered)
 e - 2 curare-tipped darts
Armour
 b - a +0 robe (worn)
 c - a +0 cloak (worn)
Scrolls
 f - a scroll of teleportation {unknown}
 h - a scroll of blinking {unknown}
 j - a scroll of enchant armour {unknown}
 k - a scroll of fear {unknown}
 l - a scroll of immolation {unknown}
 n - a scroll of noise {unknown}
 q - a scroll of identify {unknown}
Potions
 g - a potion of ambrosia {unknown}
 m - a potion of attraction {unknown}
 o - a potion of heal wounds {unknown}


   Skills:
 + Level 2.3 Fighting
 * Level 4.1 Short Blades
 - Level 2.0 Throwing
 + Level 3.0 Dodging
 + Level 6.8 Stealth


You had 4 spell levels left.
You didn't know any spells.
Your spell library was empty.

Dungeon Overview and Level Annotations

Branches:
Dungeon (3/15)

Altars:

Shops:
D:1 :


Innate Abilities, Weirdness & Mutations

You are very small and have problems with some larger weapons.
You are too small for most types of armour.
You have supernaturally acute eyesight. (SInv)
You cover ground extremely quickly. (Speed+++)


Message History

You hit the orc priest but do no damage.
You hit the orc priest but do no damage.
The orc priest hits you with a +0 flail.
You hit the orc priest.
The orc priest is lightly wounded.
The orc priest mumbles some strange prayers to Beogh against you.
You resist with significant effort.
You hit the orc priest.
The orc priest is lightly wounded.
The orc priest calls down the wrath of Beogh upon you.
You resist with significant effort.
You hit the orc priest but do no damage.
The orc priest is lightly wounded.
The orc priest hits you with a +0 flail.
You are too injured to fight recklessly!
You are too injured to fight recklessly!
You hit the orc priest.
The orc priest is lightly wounded.
You barely miss the orc priest.
The orc priest is lightly wounded.
The orc priest misses you.
You hit the orc priest but do no damage.
The orc priest is lightly wounded.
The orc priest hits you but does no damage.
You hit the orc priest.
The orc priest is lightly wounded.
The orc priest misses you.
You barely miss the orc priest.
The orc priest is lightly wounded.
The orc priest begins to cast a cantrip, but forgets the words!
You hit the orc priest.
The orc priest is moderately wounded.
You hit the orc priest.
The orc priest is moderately wounded.
The orc priest barely misses you.
You hit the orc priest.
The orc priest is heavily wounded.
The orc priest mumbles some strange prayers to Beogh against you.
Beogh smites you!
You die...

.... #.......
.....
##.......
.....
###........
......
###.....)....
#r.....
#...####.####
#.......
###.### #.#
<.......
###...# #.#
##......
####...###
##.# # .....
#oo@.###
##..# # ....
#..#### #..##
# ... ....
#.## # ..
.### #.# #
#.# ##.#
##..# . #
#..##.# ...
###.##..#


You could see an orc priest and an orc.

Vanquished Creatures
  A hound (D:2)
  A jelly (D:3)
  3 adders
  2 worms
  2 dart slugs
  An orc (D:3)
  6 ball pythons
  6 bats
  2 endoplasms
  4 giant cockroaches
  6 goblins
  4 hobgoblins
  4 jackals (D:3)
  A kobold (D:2)
  4 quokkas
  A frilled lizard (D:2)
  5 rats
53 creatures vanquished.

Notes
Turn   | Place    | Note
-------+----------+-------------------------------------------
     0 | D:1      | buddhastalin the Spriggan Brigand began the quest for the
                  | Orb.
     0 | D:1      | Reached XP level 1. HP: 10/10 MP: 2/2
    27 | D:1      | Found Jehoc's Book Boutique.
   321 | D:1      | Reached skill level 6 in Stealth
   327 | D:1      | Reached XP level 2. HP: 14/15 MP: 3/3
   719 | D:2      | Reached XP level 3. HP: 6/18 MP: 4/4
  1344 | D:2      | Reached XP level 4. HP: 21/23 MP: 5/5
  1716 | D:3      | Identified the +2 falchion "Witriank" {vorpal, Will- Str+2
                  | Int+5}
  2233 | D:3      | Reached XP level 5. HP: 7/27 MP: 6/6
  2584 | D:3      | Killed from afar by an orc priest

Illustrated notes

Levels and vault maps discovered:
D:1:      amcnicky_arrival_flooded_fountain, layout_rooms, serial_shops,
          shop_fountains
D:2:      layout_rooms, hex_intersection
D:3:      layout_rooms

Skill      XL: |  1  2  3  4 |
---------------+-------------+-----
Stealth        | 6 |  6.8
Dodging        | 2 3 |  3.0
Short Blades   | 3 4 |  4.1
Fighting       | 2 |  2.3
Throwing       | |  2.0

Action                   |  1- 3 |  4- 6 || total
-------------------------+-------+-------++-------
Melee: Dagger            |   126 |   136 ||   262
       Punch             |     1 |     3 ||     4
  Use: Potion            |     1 |     2 ||     3
 Stab: Sleeping          |     6 |     1 ||     7
Armor: Robe              |    11 |    10 ||    21
Dodge: Dodged            |    83 |    82 ||   165

Table legend: (Time is in decaauts)
 A = Elapsed time spent in this place.
 B = Non-inter-level travel time spent in this place.
 C = Inter-level travel time spent in this place.
 D = Time resting spent in this place.
 E = Time spent auto-exploring this place.
 F = Levels seen in this place.
 G = Mean time per level.
                   A        B        C        D        E       F      G
               +--------+--------+--------+--------+--------+-----+--------+
         Total |   2162 |   2142 |     20 |   1260 |    454 |   3 |  720.7 |
       Dungeon |   2162 |   2142 |     20 |   1260 |    454 |   3 |  720.7 |
               +--------+--------+--------+--------+--------+-----+--------+

Top non-repeatable levels by time:
     D:2: 1033 daAuts
     D:3: 595 daAuts
     D:1: 532 daAuts
